 Dungeon Sprint DCSS version 0.17-a0-1718-g72dbe4d (webtiles) character file.

162 nuthulu the Chucker (level 5, 0/55 HPs)
             Began as a Troll Hunter on Aug 26, 2015.
             Slain by a sixfirhy (9 damage)
             ... summoned by a kobold demonologist
             ... in the Dungeon (Sprint III: "The Ten Rune Challenge").
             The game lasted 00:01:37 (308 turns).

nuthulu the Chucker (Troll Hunter)                   Turns: 308, Time: 00:01:38

Health: 0/55       AC:  5    Str: 20    XL:     5   Next: 19%
Magic:  4/4        EV: 11    Int:  5    God:
Gold:   22         SH:  0    Dex:  9    Spells: 0 memorised, 4 levels left

rFire  . . .     SeeInvis +       - Unarmed
rCold  . . .     Clarity  .     d - +0 robe
rNeg   . . .     SustAt   .     (no shield)
rPois  .         Gourm    +     (helmet restricted)
rElec  .         Spirit   .     (no cloak)
rCorr  .         Warding  .     (gloves unavailable)
rMut   .         NoTele   +     (boots unavailable)
MR     .....                    (no amulet)
Stlth  +.........               (no ring)
                                (no ring)

@: not resistant to hostile enchantments, very unstealthy
A: unfitting armour, antennae 1, claws 3, see invisible, clumsy 1, dopey 1, fast
metabolism 3, gourmand, regeneration 2, shaggy fur 1, tough skin 2, subdued
magic 1
a: no special abilities


You were in the Dungeon.
You were not hungry.

You visited 1 branch You collected 22 gold pieces.

Inventory:

Missiles
 a - 5 large rocks (quivered)
 b - 2 throwing nets
Armour
 d - a +0 robe (worn)
Scrolls
 k - a scroll of blinking
 l - a scroll of immolation {unknown}
 n - 2 scrolls of remove curse {unknown}
 q - a scroll of torment {unknown}
 r - a scroll of random uselessness {unknown}
Potions
 f - 3 potions of curing
 g - a potion of heal wounds
 h - a potion of haste
 i - 2 potions of magic
 j - a potion of berserk rage
 s - a potion of invisibility {unknown}
Comestibles
 e - 3 bread rations
 o - a royal jelly


   Skills:
 + Level 4.6 Fighting
 + Level 6.0 Throwing
 + Level 4.5 Dodging
 - Level 0.4 Stealth
 + Level 5.0 Unarmed Combat


You had 4 spell levels left.
You didn't know any spells.

Dungeon Overview and Level Annotations

Branches:
Dungeon (1/1)

Altars:
Kikubaaqudgha
Sif Muna
Vehumet


Innate Abilities, Weirdness & Mutations

You are too large for most types of armour.
You have claws for hands.
Your metabolism is lightning-fast.
You like to eat raw meat.
You heal very quickly.
You are covered in fur (AC +1).
You have very tough skin (AC +2).
You have a pair of small antennae on your head.
You have supernaturally acute eyesight.
You are clumsy. (Dex -2)
You are dopey. (Int -2)
Your spells are a little easier to cast, but a little less powerful.


Message History

You scratch the wizard.
The wizard is moderately wounded.
The wizard casts a spell at you. You resist with some effort.
You scratch the wizard but do no damage.
The wizard is moderately wounded.
The wizard hits you with a dagger.
You claw the wizard!
You kill the wizard!
Your Throwing skill increases to level 6!
Your Unarmed Combat skill increases to level 5!
You have reached level 5!
The kobold demonologist gestures wildly while chanting.
The sixfirhy hits you! The sixfirhy shocks you! The sixfirhy hits you!
The sixfirhy shocks you!
* * * LOW HITPOINT WARNING * * *
The sixfirhy hits you.
* * * LOW HITPOINT WARNING * * *
The sixfirhy shocks you!
You die...

.#......#####..#
##.......#..#..#
.##.##...#..#..###+#+###
.##.###..##'#..#........
####.##..###...+.⌠......
##..##.[####...#...####
....##..###....#.⌠.#
#..##...##.....#.4.#
..##....#......#@###
.###..##.#.....#K::# .
#.. ####....#___# ▓ ▓▓▓
▓▓▓▓▓▓▓▓▓▓


You could see a kobold demonologist and a sixfirhy.

Vanquished Creatures
  A water elemental (D)
  A wizard (D)
  Jessica (D)
  A wolf (D)
  A human (D)
  2 oozes (D)
  A rat (D)
8 creatures vanquished.

Vanquished Creatures (others)
  2 draconian scorchers (D)
  A yaktaur (D)
3 creatures vanquished.

Grand Total: 11 creatures vanquished

Notes
Turn   | Place    | Note
--------------------------------------------------------------
     0 | D        | nuthulu the Troll Hunter began the quest for the Orb.
     0 | D        | Reached XP level 1. HP: 19/19 MP: 0/0
    12 | D        | Reached skill level 1 in Unarmed Combat
    16 | D        | Reached skill level 4 in Throwing
    16 | D        | Reached XP level 2. HP: 25/28 MP: 1/1
    52 | D        | Noticed Jessica
    59 | D        | Killed Jessica
    59 | D        | Reached XP level 3. HP: 32/37 MP: 2/2
    65 | D        | Killed a yaktaur
    73 | D        | Noticed a wolf
    97 | D        | Killed a wolf
   105 | D        | Reached skill level 5 in Throwing
   105 | D        | Reached XP level 4. HP: 7/46 MP: 3/3
   213 | D        | Killed a white draconian scorcher
   253 | D        | Gained mutation: You have large cloven feet. [potion of mutation]
   253 | D        | Gained mutation: You are clumsy. (Dex -2) [potion of mutation]
   253 | D        | Gained mutation: You have supernaturally acute eyesight. [potion of mutation]
   254 | D        | Gained mutation: You are weak. (Str -2) [potion of mutation]
   255 | D        | Gained mutation: Your spells are a little easier to cast, but a little less powerful. [potion of mutation]
   256 | D        | Gained mutation: You are dopey. (Int -2) [potion of mutation]
   256 | D        | Gained mutation: You are very clumsy. (Dex -4) [potion of mutation]
   256 | D        | Gained mutation: You have a pair of small antennae on your head. [potion of mutation]
   257 | D        | Lost mutation: You have large cloven feet. [potion of cure mutation]
   257 | D        | Lost mutation: You are very clumsy. (Dex -4) [potion of cure mutation]
   257 | D        | Lost mutation: You are weak. (Str -2) [potion of cure mutation]
   259 | D        | Killed a white draconian scorcher
   263 | D        | Noticed a water elemental
   265 | D        | Killed a water elemental
   304 | D        | Found a radiant altar of Vehumet.
   304 | D        | Found a deep blue altar of Sif Muna.
   304 | D        | Found an ancient bone altar of Kikubaaqudgha.
   304 | D        | Noticed a wizard
   307 | D        | Killed a wizard
   307 | D        | Reached skill level 6 in Throwing
   307 | D        | Reached skill level 5 in Unarmed Combat
   307 | D        | Reached XP level 5. HP: 53/55 MP: 4/4
   308 | D        | Noticed a sixfirhy
   308 | D        | Slain by a sixfirhy

Vault maps used:
D:        dungeon_sprint_mu

Action                   |  1- 3 |  4- 6 || total
-------------------------+-------+-------++-------
Melee: Unarmed           |    21 |     3 ||    24
Throw: Large rock        |     4 |     2 ||     6
  Use: Potion            |       |     5 ||     5
       Scroll            |       |     2 ||     2
  Eat: Chunk             |     3 |       ||     3
